 Dungeon Crawl Stone Soup version 0.29.1-12-g30fa7ad0bf (webtiles) character file.

Game seed: 1701699999654021736

182 hawla the Firebug (level 6, -4/45 HPs)
             Began as a Meteoran Fire Elementalist on Jan 3, 2023.
             Killed from afar by Sigmund (9 damage)
             ... with a puff of flame
             ... on level 4 of the Dungeon.
             The game lasted 00:02:40 (470 turns).

hawla the Firebug (Meteoran Fire Elementalist)       Turns: 470, Time: 00:02:41

Health: -4/45      AC:  2    Str: 11    XL:     6   Next: 16%
Magic:  1/12       EV:  9    Int: 18    God:
Gold:   38         SH:  0    Dex: 14    Spells: 5/12 levels left

rFire   . . .      SeeInvis .   (no weapon)
rCold   . . .      Faith    .   (no shield)
rNeg    . . .      Spirit   .   a - +0 robe
rPois   .          Reflect  .   (no helmet)
rElec   .          Harm     .   (no cloak)
rCorr   .          Rampage  .   (no gloves)
Will    .....                   (no boots)
Stlth   +.........              (no amulet)
HPRegen 0.15/turn               (no ring)
MPRegen 0.13/turn               (no ring)

@: grasped by roots, glowing, constricted
A: sense surroundings 1, otherworldly, glowing, explore regen
a: no special abilities


You were on level 4 of the Dungeon.
You visited 1 branch of the dungeon, and saw 4 of its levels.

You collected 38 gold pieces.

Inventory:

Armour
 a - a +0 robe (worn)
Scrolls
 e - a scroll of amnesia
Potions
 b - 3 potions of magic
 c - a potion of brilliance {unknown}
 d - 2 potions of lignification {unknown}
 f - a potion of heal wounds {unknown}


   Skills:
 + Level 2.7 Dodging
 - Level 1.4 Stealth
 + Level 3.5 Spellcasting
 + Level 4.7 Conjurations
 + Level 4.9 Fire Magic


You had 5 spell levels left.
You knew the following spells:

 Your Spells              Type           Power      Damage    Failure   Level
a - Foxfire               Conj/Fire      80%        2x1d8     1%          1
b - Scorch                Fire           42%        2d7       3%          2
c - Flame Wave            Conj/Fire      20%        2d7       21%         4

Your spell library contained the following spells:

 Spells                   Type           Power      Damage    Failure   Level
 Conjure Flame            Conj/Fire      20%        6-21      6%          3
 Slow                     Hex            12%        N/A       16%         1
 Inner Flame              Hex/Fire       12%        N/A       17%         3
 Confusing Touch          Hex            3%         N/A       43%         3
 Vampiric Draining        Necr           3%         2d6       43%         3


Dungeon Overview and Level Annotations

Branches:
Dungeon (4/15) Zot: 1929
 Temple: D:4-7

Altars:

Annotations:
D:4 Sigmund


Innate Abilities, Weirdness & Mutations

You passively map a small area around you.
You are easily found by Zot.
You glow in the dark.
You regain HP and MP as you explore.


Message History

The spell is extremely dangerous to miscast (26% risk of failure)!
Continue anyway?
Casting: Flame Wave (extremely dangerous; 26% risk of failure)
Press: ? - help, Dir - look around, f - activate A wave of flame ripples out!
The flame wave engulfs the necrophage!
The necrophage is moderately damaged. (Press . to intensify the flame waves.)
You hear a shout!
The necrophage closely misses you.
A wave of flame ripples out!
The flame wave engulfs the necrophage!
The necrophage is almost destroyed.
The flame wave engulfs something but does no damage.
You hear a zap.
The roots erupt in riotous growth!
The necrophage is unaffected.
The grasping roots grab you!
You are constricted.
The necrophage hits you.
You feel drained.
A wave of flame ripples out!
The flame wave engulfs the necrophage!
You destroy the necrophage!
The flame wave engulfs something.
You finish channelling waves of flame.
Something hits you!
* * * LOW HITPOINT WARNING * * *
You are constricted.
* * * LOW HITPOINT WARNING * * *
Your life force feels restored.
Training target 4.7 for Conjurations reached!
You need to enable at least one skill for training.
You have reached level 6!
You feel stronger.
Casting: Flame Wave (quite dangerous; 21% risk of failure)
Confirm with . or Enter, or press ? or * to list all spells.
You can't see any susceptible monsters within range! (Use Z to cast anyway.)
Casting: Flame Wave (quite dangerous; 21% risk of failure)
Confirm with . or Enter, or press ? or * to list all spells.
Flames lash something.
Casting: Scorch (safe; 3% risk of failure)
Confirm with . or Enter, or press ? or * to list all spells.
Flames lash something.
You hear some strange, mumbled words.
A puff of flame appears from out of thin air!
The puff of flame hits you!
You die...

, ,
...........*
#.........,
, *........
, , *
*#.....! , ,
#..... , , *
#..{. , #.†#
,,, , #.@# ,
, , , , #..#
* , * ##.# *
#.# , , #.##
* ##.# **
#.# ####
#.###..## *
##......# ,


There were no monsters in sight!

Vanquished Creatures
  A phantom (D:4)
  A necrophage (D:4)
  3 adders
  An endoplasm (D:4)
  A giant cockroach (D:1)
  2 goblins (D:1)
  2 hobgoblins
  4 jackals (D:1)
  4 kobolds
  A ball python (D:4)
  2 frilled lizards (D:1)
  3 rats
25 creatures vanquished.

Vanquished Creatures (others)
  47 foxfires
47 creatures vanquished.

Grand Total: 72 creatures vanquished

Notes
Turn   | Place    | Note
-------+----------+-------------------------------------------
     0 | D:1      | hawla the Meteoran Fire Elementalist began the quest for
                  | the Orb.
     0 | D:1      | Reached XP level 1. HP: 14/14 MP: 5/5
    64 | D:1      | Reached XP level 2. HP: 17/20 MP: 0/6
   160 | D:2      | Learned a level 2 spell: Scorch
   162 | D:2      | Reached XP level 3. HP: 24/26 MP: 1/8
   332 | D:4      | Reached XP level 4. HP: 33/33 MP: 6/9
   340 | D:4      | Learned a level 4 spell: Flame Wave
   397 | D:4      | Noticed a phantom
   404 | D:4      | Killed a phantom
   405 | D:4      | Reached XP level 5. HP: 38/38 MP: 0/10
   462 | D:4      | Noticed Sigmund
   462 | D:4      | Noticed a necrophage
   468 | D:4      | Killed a necrophage
   469 | D:4      | Reached XP level 6. HP: 5/45 MP: 4/12
   470 | D:4      | Killed from afar by Sigmund

Illustrated notes

Levels and vault maps discovered:
D:1:      minmay_arrival_pointy, layout_rooms,
          hellmonk_ecumenical_altar_zigzags, minmay_misc_feat_iff
D:2:      minmay_thinvault, layout_basic, due_unseen_surprise, uniq_jessica
D:3:      layout_basic, hangedman_abyss_or_decor_stabs, minmay_pentangle
D:4:      layout_cave_pods, minmay_temple_entry_slanted, uniq_sigmund

Skill      XL: |  1  2  3  4 |
---------------+-------------+-----
Fire Magic     | 4 |  4.9
Spellcasting   | 3 |  3.5
Conjurations   | 4 |  4.7
Dodging        | |  2.7
Stealth        | |  1.4

Action                   |  1- 3 |  4- 6 || total
-------------------------+-------+-------++-------
Melee: Unarmed           |     3 |       ||     3
 Cast: Foxfire           |    21 |     6 ||    27
       Scorch            |     5 |     7 ||    12
       Flame Wave        |       |     1 ||     1
  Use: Scroll            |     3 |       ||     3
Armor: Robe              |     1 |       ||     1
Dodge: Dodged            |     1 |     2 ||     3
